 Dungeon Crawl Stone Soup version 0.25.0-1-g7eea58d2a3 (webtiles) character file.

Game seed: 15247444731908426790

3950 Froggeryz the Cleaver (level 10, -7/120 HPs)
             Began as a Minotaur Berserker on June 13, 2020.
             Was a High Priest of Trog.
             Mangled by a death yak (26 damage)
             ... on level 8 of the Dungeon.
             The game lasted 00:10:50 (6958 turns).

Froggeryz the Cleaver (Minotaur Berserker)          Turns: 6958, Time: 00:10:50

Health: -7/120     AC:  9    Str: 25    XL:     10   Next: 2%
Magic:  9/9        EV: 10    Int:  4    God:    Trog [*****.]
Gold:   286        SH:  5    Dex: 16    Spells: 9/9 levels left

rFire    . . .     SeeInvis .   F - +5 broad axe (vorpal)
rCold    . . .     Gourm    .   f - +0 buckler
rNeg     . . .     Faith    .   d - +0 chain mail (curse)
rPois    .         Spirit   .   (helmet restricted)
rElec    .         Reflect  .   i - +0 cloak
rCorr    .         Harm     .   (no gloves)
MR       ++...                  A - +0 pair of boots (curse)
Stlth    ..........             x - amulet of regeneration
HPRegen  1.70/turn              D - +6 ring of dexterity
MPRegen  0.11/turn              (no ring)

@: berserking (expiring), lethally poisoned (-7 -> -7), marked, corroded,
regenerating, very quick
A: retaliatory headbutt, horns 2
a: Berserk, Trog's Hand, Brothers in Arms, Renounce Religion


You were on level 8 of the Dungeon.
You worshipped Trog.
Trog was extremely pleased with you.
You were near starving.

You visited 1 branch of the dungeon, and saw 8 of its levels.

You collected 376 gold pieces.
You spent 90 gold pieces at shops.

Inventory:

Hand Weapons
 a - a +0 hand axe
 F - a +5 vorpal broad axe (weapon)
Missiles
 r - 5 curare-tipped darts
 B - 3 javelins (quivered)
Armour
 d - a cursed +0 chain mail (worn)
 f - a +0 buckler (worn)
 i - a +0 cloak (worn)
 A - a cursed +0 pair of boots (worn)
Jewellery
 x - an amulet of regeneration (around neck)
 D - a +6 ring of dexterity (left hand)
Wands
 s - a wand of flame (20)
 E - a wand of random effects (17)
Scrolls
 e - a scroll of noise {unknown}
 g - 6 scrolls of teleportation {unknown}
 h - 5 scrolls of remove curse {unknown}
 k - 15 scrolls of identify {unknown}
 l - a scroll of magic mapping {unknown}
 n - 3 scrolls of enchant armour {unknown}
 t - a scroll of random uselessness {unknown}
 u - a scroll of blinking
 v - a scroll of holy word {unknown}
 y - a scroll of immolation {unknown}
Potions
 b - 2 potions of magic {unknown}
 j - 3 potions of brilliance {unknown}
 m - 2 potions of flight {unknown}
 o - 3 potions of berserk rage {unknown}
 p - 2 potions of curing {unknown}
 q - 2 potions of heal wounds
 w - a potion of degeneration {unknown}
 z - a potion of mutation {unknown}
 C - a potion of lignification {unknown}
Comestibles
 c - 11 rations
 G - 6 chunks of flesh


   Skills:
 + Level 4.8 Fighting
 * Level 13.8 Axes
 - Level 8.2 Armour
 - Level 2.4 Dodging
 - Level 5.1 Shields


You had 9 spell levels left.
You didn't know any spells.
Your spell library was empty.

Dungeon Overview and Level Annotations

Branches:
Dungeon (8/15)             Temple (0/1) D:6
   Lair: D:8-11

Altars:
Ashenzari
Cheibriados
Dithmenos
Fedhas
Gozag
Hepliaklqana
Kikubaaqudgha
Makhleb
Nemelex Xobeh
Uskayaw
Yredelemnul

Shops:
D:5 ?


Innate Abilities, Weirdness & Mutations

You reflexively headbutt those who attack you in melee.
You have a pair of horns on your head.


Message History

An orc comes into view. It is wielding a +0 club.
A slave comes into view.
The gnoll misses you.
You closely miss Erica. You headbutt Erica!
Erica is almost dead.
You closely miss the gnoll. You slash the death yak!
You feel sick. You block the gnoll's attack. Erica barely misses you.
You closely miss Erica. Your headbutt misses Erica.
Erica is almost dead.
You hit the death yak but do no damage. You closely miss the gnoll.
You block the death yak's attack. The gnoll closely misses you.
You slice Erica!!
You kill Erica!
Trog accepts your kill.
Trog appreciates your killing of a magic user.
Your Fighting skill increases to level 4!
You have reached level 10!
You slash the death yak! You slash the gnoll!
You feel sick. The gnoll closely misses you. The death yak gores you!!
You die... ............ ..#......#. .....p..... #.#.........@ .<#.....g...## ... #..ggr..####. #.# #..Y.r#go...J #.# #rYrYg#

#.# #r.#@## ######.#
#..#?####### #..)##.#
#..#........
.......######...........
..#............#########
################


You could see 3 death yaks, a slave, a gnoll shaman, 2 porcupines, 4 gnolls, a
river rat, an orc and a quokka.

Vanquished Creatures
  Erica (D:8)
  Maggie (D:7)
  A hippogriff (D:7)
  Menkaure (D:7)
  Duvessa (D:5)
  An orc warrior (D:6)
  An ice beast (D:6)
  3 ogres
  4 centaurs
  A big kobold (D:7)
  Blork the orc (D:5)
  A bullfrog (D:7)
  Dowan (D:5)
  A scorpion (D:7)
  A howler monkey (D:5)
  2 electric eels (D:6)
  5 crimson imps
  A bullfrog zombie (D:6)
  A jelly (D:8)
  2 quasits
  5 orc priests
  7 hounds
  8 orc wizards
  Ijyb (D:3)
  A centaur skeleton (D:5)
  3 iguanas
  Natasha (twice) (D:3)
  2 worker ants
  A howler monkey skeleton (D:6)
  6 gnolls
  11 adders
  A shadow imp (D:6)
  An ooze (D:3)
  2 adder zombies
  2 dart slugs
  6 leopard geckos
  34 orcs
  10 bats
  4 giant cockroaches
  5 goblins
  4 hobgoblins
  13 jackals
  3 quokkas
  A ball python skeleton (D:4)
  3 frilled lizards
  10 kobolds
  A quokka skeleton (D:6)
  7 rats
185 creatures vanquished.

Notes
Turn   | Place    | Note
-------+----------+-------------------------------------------
     0 | D:1      | Froggeryz the Minotaur Berserker began the quest for the
                  | Orb.
     0 | D:1      | Reached XP level 1. HP: 19/19 MP: 0/0
    50 | D:1      | Reached skill level 4 in Axes
    55 | D:1      | Reached XP level 2. HP: 21/26 MP: 1/1
   788 | D:2      | Reached skill level 1 in Shields
   811 | D:2      | Reached ** piety under Trog
   811 | D:2      | Reached XP level 3. HP: 31/31 MP: 2/2
   951 | D:2      | Reached skill level 5 in Axes
  1323 | D:2      | Reached XP level 4. HP: 19/39 MP: 3/3
  1589 | D:2      | Found a hazy altar of Hepliaklqana.
  1749 | D:3      | Found a burning altar of Makhleb.
  1774 | D:3      | Reached skill level 6 in Axes
  1779 | D:3      | Reached XP level 5. HP: 13/45 MP: 4/4
  2453 | D:3      | Found a shadowy altar of Dithmenos.
  2489 | D:3      | Reached *** piety under Trog
  2761 | D:3      | Noticed Natasha
  2770 | D:3      | Killed Natasha
  2770 | D:3      | Reached skill level 7 in Axes
  2850 | D:3      | Noticed Ijyb
  2865 | D:3      | Killed Ijyb
  2865 | D:3      | Reached XP level 6. HP: 34/51 MP: 5/5
  2950 | D:3      | Noticed Natasha
  2956 | D:3      | Killed Natasha
  3268 | D:4      | Found an opulent altar of Gozag.
  3332 | D:4      | Reached skill level 8 in Axes
  3350 | D:4      | Found a blossoming altar of Fedhas.
  3741 | D:4      | Reached XP level 7. HP: 57/57 MP: 6/6
  3752 | D:4      | Reached skill level 5 in Shields
  3884 | D:5      | Entered Level 5 of the Dungeon
  3884 | D:5      | Noticed Blork the orc
  3891 | D:5      | Killed Blork the orc
  3895 | D:5      | Found Hoegh's Magic Scroll Shop.
  3906 | D:5      | Bought a scroll of blinking for 90 gold pieces
  3932 | D:5      | Noticed Dowan
  3932 | D:5      | Noticed Duvessa
  3965 | D:5      | Killed Duvessa
  3976 | D:5      | Killed Dowan
  3982 | D:5      | Reached skill level 9 in Axes
  4226 | D:5      | Reached XP level 8. HP: 54/64 MP: 7/7
  4246 | D:5      | Reached **** piety under Trog
  4270 | D:5      | Found an ancient bone altar of Kikubaaqudgha.
  4639 | D:5      | Found a hide-covered altar of Uskayaw.
  4687 | D:6      | Reached skill level 10 in Axes
  4750 | D:6      | Reached skill level 5 in Armour
  5013 | D:6      | Reached skill level 11 in Axes
  5236 | D:6      | Found a staircase to the Ecumenical Temple.
  5275 | D:6      | Reached XP level 9. HP: 39/70 MP: 8/8
  5296 | D:6      | Found a sparkling altar of Nemelex Xobeh.
  5561 | D:7      | Found a basalt altar of Yredelemnul.
  5568 | D:7      | Noticed Menkaure
  5587 | D:7      | Killed Menkaure
  5598 | D:7      | Reached ***** piety under Trog
  5598 | D:7      | Reached skill level 12 in Axes
  6138 | D:7      | Found a snail-covered altar of Cheibriados.
  6154 | D:7      | Noticed Maggie
  6173 | D:7      | Killed Maggie
  6173 | D:7      | Reached skill level 13 in Axes
  6836 | D:8      | Found a shattered altar of Ashenzari.
  6845 | D:8      | Received a gift from Trog
  6940 | D:8      | Noticed a death yak
  6942 | D:8      | Noticed Erica
  6944 | D:8      | Noticed a death yak
  6945 | D:8      | Noticed a death yak
  6958 | D:8      | Killed Erica
  6958 | D:8      | Reached XP level 10. HP: 19/80 MP: 9/9
  6958 | D:8      | Mangled by a death yak

Illustrated notes

Levels and vault maps discovered:
D:1:      matt_arrival_los_fun, layout_basic
D:2:      layout_basic, marbit_many_paths
D:3:      layout_basic, bloody_makhleb,
          nicolae_dithmenos_through_a_glass_darkly, uniq_natasha, uniq_ijyb
D:4:      layout_basic, nicolae_gozag_cash_rules_everything_around_me,
          fedhas_altar_2
D:5:      layout_basic, lemuel_round_altar, kiku_gazebo_garden_becter,
          first_ration, serial_shops, shop, chequers_serial_rivers_micro_b,
          uniq_duvessa, uniq_blork_the_orc
D:6:      layout_loops_ring, lemuel_round_altar, minmay_temple_entry_glass,
          serial_bayou_lagoon_b
D:7:      layout_basic, kennysheep_mini_moat, yredelemnul_altar_generic,
          minmay_liquid_box, uniq_menkaure, uniq_maggie
D:8:      layout_loops_ring, zin_scriptorium, evilmike_ruin_ashenzari,
          dpeg_lair_monsters, basic_altar, uniq_prince_ribbit1, uniq_erica,
          uniq_pikel

Skill      XL: |  1  2  3  4  5  6  7  8  9 |
---------------+----------------------------+-----
Axes           | 4 5 6 7 8 9 11 13 | 13.8
Shields        | 1 2 3 4 5 |  5.1
Armour         | 4 6 8 |  8.2
Fighting       | 4 |  4.8
Dodging        | |  2.4

Action                   |  1- 3 |  4- 6 |  7- 9 | 10-12 || total
-------------------------+-------+-------+-------+-------++-------
Melee: Hand axe          |    72 |   161 |   343 |       ||   576
       Headbutt          |    14 |    22 |    67 |       ||   103
       Unarmed           |       |    18 |       |       ||    18
       Broad axe         |       |       |    14 |       ||    14
Throw: Javelin           |       |       |     6 |       ||     6
Invok: Berserk           |       |       |     5 |       ||     5
       Trog's Hand       |       |       |     2 |       ||     2
Evoke: Wand              |       |       |     5 |       ||     5
  Use: Potion            |       |       |     1 |       ||     1
  Eat: Chunk             |     1 |     8 |    14 |       ||    23
Armor: Animal skin       |     3 |       |       |       ||     3
       Scale mail        |     7 |       |       |       ||     7
       Ring mail         |     1 |       |       |       ||     1
       Chain mail        |     5 |    76 |   153 |       ||   234
Dodge: Dodged            |    47 |    75 |   136 |     1 ||   259
Block: Buckler           |       |       |    63 |       ||    63
